 Dungeon Crawl Stone Soup version 0.14.0-17-gc0b17a5 (webtiles) character file.

150241 Tazu the Conjurer (level 16, 0/128 HPs)
             Began as a Yellow Draconian Conjurer on Apr 13, 2014.
             Was a High Priest of Vehumet.
             Drowned by a drowned soul (13 damage)
             ... summoned by a siren
             ... on Level 1 of the Shoals on Apr 18, 2014.
             The game lasted 11:04:18 (55788 turns).

Tazu the Conjurer (Yellow Draconian Conjurer)      Turns: 55788, Time: 11:04:18

HP   0/128       AC 18     Str 13      XL: 16   Next: 97%
MP   1/36        EV 15     Int 19      God: Vehumet [*****.]
Gold 445         SH 25     Dex 16      Spells: 10 memorised,  7 levels left

rFire  . . .     SeeInvis .     P - staff of conjuration
rCold  . . .     Clarity  .     (armour unavailable)
rNeg   . . .     Conserve .     t - +2 shield {AC+3}
rPois  .         rCorr    +     m - +1 hat
rElec  .         rRot     .     U - +2 cloak
SustAb . .       Spirit   .     j - +0 pair of gloves {Dex+3}
rMut   .         Warding  .     B - +0 pair of boots
Gourm  +         Stasis   .     f - amulet of the gourmand
MR     ++...                    z - ring of protection from magic
                                O - ring of wizardry

@: mesmerised, about to teleport, hasted, very quick, very resistant to hostile
enchantments, fairly stealthy
A: spit acid, acid resistance, unfitting armour, acidic bite, AC +9
a: Spit Acid, Renounce Religion


You were on level 1 of the Shoals.
You worshipped Vehumet.
Vehumet was extremely pleased with you.
You were completely stuffed.

You visited 6 branches of the dungeon, and saw 33 of its levels.

You collected 3021 gold pieces.
You spent 2576 gold pieces at shops.

Inventory:

Armour
 j - a +0 pair of gloves of dexterity (worn)
 m - a +1 hat (worn)
 t - a +2 shield of protection (worn)
 B - a +0 pair of boots (worn)
 U - a +2 cloak (worn)
Magical devices
 c - a wand of digging (10)
 n - a wand of cold (2)
 o - a wand of draining (3)
 q - a wand of heal wounds (0)
 x - a wand of paralysis (4)
 H - a wand of flame (10)
 J - a wand of invisibility (3)
 M - a wand of disintegration (7)
 Q - a wand of lightning (0)
 V - a wand of slowing (12) {unknown}
Comestibles
 b - 10 bread rations
 i - 9 meat rations
 k - a slice of pizza
 p - 5 strawberries
Scrolls
 a - a scroll of vulnerability
 d - a scroll of identify
 r - a scroll of amnesia
 v - 5 scrolls of remove curse
 y - a scroll of fog
 E - a scroll of magic mapping
 R - a scroll of enchant weapon I
Jewellery
 f - an amulet of the gourmand (around neck)
 h - a cursed amulet of resist mutation
 l - an uncursed ring of poison resistance
 z - a ring of protection from magic (right hand)
 C - the amulet of Vozxiff {Clar Int+2}
   (You found it on level 12 of the Dungeon)

   [amulet of clarity]

   It affects your intelligence (+2).
 F - a +3 ring of strength
 I - an uncursed ring of fire {unknown}
 N - an uncursed ring of protection from cold
 O - a ring of wizardry (left hand)
Potions
 s - 3 potions of flight
 u - 2 potions of magic
 w - a potion of invisibility
 A - 4 potions of restore abilities
 D - a potion of cure mutation
 G - 3 potions of resistance
 K - a potion of might
 L - 4 potions of brilliance
Magical staves
 P - an uncursed staff of conjuration (weapon)
Miscellaneous
 W - a disc of storms


   Skills:
 + Level 8.2 Fighting
 - Level 1.1 Staves
 - Level 6.0 Dodging
 - Level 9.3 Stealth
 + Level 9.4 Shields
 + Level 13.0 Spellcasting
 + Level 13.1 Conjurations
 + Level 12.2 Air Magic
 + Level 13.0 Poison Magic
 - Level 8.0 Evocations


You had 7 spell levels left.
You knew the following spells:

 Your Spells              Type           Power        Failure   Level  Hunger
a - Magic Dart            Conj           ####         1%          1    None
b - Searing Ray           Conj           ######       1%          2    None
c - Airstrike             Air            ######....   1%          4    #......
d - Sting                 Conj/Pois      ####         1%          1    None
e - Mephitic Cloud        Conj/Pois/Air  ######..     1%          3    None
f - Poisonous Cloud       Conj/Pois/Air  ######....   1%          6    ######.
g - Conjure Flame         Conj/Fire      ######..     1%          3    None
h - Olgreb's Toxic Radia  Pois           ######..     1%          4    #......
i - Venom Bolt            Conj/Pois      #######...   1%          5    ###....
j - Lightning Bolt        Conj/Air       ######....   1%          5    ###....


Dungeon Overview and Level Annotations

Branches:
Dungeon (14/15)            Temple (1/1) D:7             Orc (4/4) D:9
    Elf (0/3) Orc:4          Lair (8/8) D:10         Shoals (1/5) Lair:5
  Snake (5/5) Lair:4        Slime (0/6) Lair:7       Vaults (0/5) D:13

Altars:
Ashenzari
Cheibriados
Dithmenos
Elyvilon
Fedhas
Kikubaaqudgha
Makhleb
Okawaru
Sif Muna
Trog
Vehumet
Xom
Yredelemnul
Zin
The Shining One

Shops:
D:8 *   D:9 *   D:10 %   D:14 *?*   Orc:4 ?((!   Snake:3 *

Annotations:
D:12 exclusion: 2 downstairs
D:13 exclusion: oklob plant
Snake:4 exclusion: downstairs


Innate Abilities, Weirdness & Mutations

You can spit globs of acid.
You can corrode armour when you spit acid.
You are resistant to acid.
Your golden yellow scales are hard (AC +9).
Your body does not fit into most forms of armour.
Your cold-blooded metabolism reacts poorly to cold.
You have acidic saliva.


Message History

The siren is almost dead.
The shadowy forms in the deep grow still as others approach.
The drowned soul returns to the deep!
The drowned soul touches you. The drowned soul drowns you!
* * * LOW HITPOINT WARNING * * *
The merfolk impaler hits you from afar with an anti-magic trident.
* * * LOW HITPOINT WARNING * * *
Read which item? (? for menu, Esc to quit)
As you read the scroll of teleportation, it crumbles to dust.
You feel strangely unstable.
The merfolk impaler hits you from afar with an anti-magic trident!
* * * LOW HITPOINT WARNING * * *
The siren chants her luring song.
You block the merfolk impaler's attack.
Read which item? (? for menu, Esc to quit)
Okay, then.
You feel yourself speed up. The sea snake closely misses you.
The merfolk impaler completely misses you.
The drowned soul touches you. The drowned soul drowns you!
You die...

≈≈≈≈.≈≈≈≈≈≈≈≈≈≈
≈≈≈≈≈≈≈≈≈..≈≈..
≈≈≈≈≈≈≈≈≈......#
≈≈≈≈≈≈≈≈.# ≈≈≈≈≈≈≈≈≈##
###. ≈≈≈≈≈≈≈≈≈.# ....≈
.≈≈≈≈≈≈≈≈m# ###..≈≈≈≈≈
≈≈≈≈≈≈≈≈S.###..≈≈≈≈≈≈≈
≈≈≈≈≈≈≈m@≈...).≈≈≈≈≈≈≈
≈≈≈≈≈≈≈≈≈≈<≈≈..≈≈≈≈..
≈≈≈≈≈≈≈≈≈≈≈≈≈≈≈≈≈≈..
≈≈≈≈≈≈≈≈≈≈≈≈≈≈≈≈.#.#
.≈≈≈≈≈≈≈≈≈≈≈≈≈≈....
≈≈≈≈≈≈≈≈≈≈≈≈≈≈≈..
≈≈≈≈≈≈≈≈≈≈≈≈.≈≈
≈≈≈≈≈≈.≈≈≈...
≈≈≈≈.≈≈≈##


You could see a siren, a merfolk impaler and a sea snake.

Vanquished Creatures
  Louise (D:14)
  Gastronok (Lair:1)
  A fire dragon (D:12)
  Josephine (Orc:3)
  Fannar (Lair:1)
  Harold (Lair:1)
  12 naga warriors
  5 hydras
  9 anacondas
  12 death yaks
  2 tengu warriors
  5 naga sharpshooters
  3 orc high priests (Orc:4)
  4 centaur warriors (D:13)
  Urug (Orc:2)
  8 shock serpents
  Nergalle (Lair:1)
  Erolcha (D:10)
  A catoblepas (Lair:8)
  2 salamander mystics
  6 sea snakes (Snake:4)
  3 skeletal warriors (D:11)
  An unseen horror (D:11)
  3 naga ritualists
  A harpy (D:12)
  Joseph (Lair:1)
  6 mana vipers
  4 orc knights (Orc:4)
  A wolf spider (D:12)
  3 orc sorcerers (Orc:4)
  2 griffons (Lair:5)
  7 hill giants
  9 elephants
  4 cyclopes
  A manticore (D:13)
  Maurice (D:10)
  13 salamanders
  8 naga magi
  16 spiny frogs
  A guardian serpent (Snake:2)
  45 black mambas
  A feature mimic (Snake:1)
  Psyche (Orc:2)
  4 kobold demonologists
  A gargoyle (D:13)
  A hellwing (D:12)
  4 fire drakes
  8 giant fireflies (Lair:8)
  4 wandering mushrooms (Lair:5)
  A giant leech (shapeshifter) (D:14)
  3 trolls
  Sonja (Orc:2)
  A merfolk (Shoals:1)
  8 komodo dragons
  A ball lightning (Lair:5)
  4 slime creatures
  3 deep elf magi
  2 ravens (D:11)
  A two-headed ogre (D:12)
  2 basilisks
  22 blink frogs
  12 spriggans (Lair:8)
  8 grizzly bears (Lair:8)
  2 trapdoor spiders
  A shark (Lair:4)
  4 wyverns
  A vampire (D:12)
  4 hungry ghosts
  3 wraiths
  4 ugly things
  5 hippogriffs
  46 yaks
  Eustachio (D:4)
  Grum (D:10)
  4 wargs
  A necrophage (D:13)
  6 vampire mosquitoes
  34 wolves
  A soldier ant (D:11)
  5 swamp worms (Lair:1)
  A mottled dragon (D:12)
  2 sky beasts
  24 orc warriors
  3 ice beasts
  25 nagas
  34 water moccasins
  8 black bears
  10 porcupines
  2 yellow wasps
  2 giant goldfish (Lair:5)
  7 phantoms
  6 centaurs
  14 ogres
  A brain worm (Lair:8)
  11 crocodiles
  7 big kobolds
  9 giant slugs
  23 giant frogs
  7 scorpions
  A boulder beetle zombie (D:14)
  10 killer bees
  2 eyes of draining
  A troll zombie (D:9)
  17 wights
  A hippogriff skeleton (D:7)
  4 electric eels (Snake:4)
  A centaur zombie (D:9)
  6 crimson imps
  4 goliath beetles
  5 jellies
  Crazy Yiuf (D:4)
  9 iguanas
  27 orc priests
  A gnoll shaman (Orc:4)
  A spectral orc (Lair:1)
  9 hounds
  10 worker ants
  37 orc wizards
  5 ogre zombies (D:9)
  Ijyb (D:4)
  A mottled dragon skeleton (D:9)
  2 mummies
  46 green rats
  9 gnolls
  30 adders
  10 orc zombies
  2 shadow imps
  2 giant mites
  2 white imps (D:9)
  An inept feature mimic (D:10)
  An ufetubus (D:12)
  19 worms
  9 orc skeletons
  4 giant eyeballs
  7 giant geckos
  6 oozes
  202 orcs
  A bat skeleton (D:5)
  23 hobgoblins
  30 jackals
  13 quokkas
  4 ball pythons
  24 bats
  6 giant cockroaches
  4 giant newts
  2 giant spores
  18 goblins
  A goblin skeleton (Orc:3)
  5 goblin zombies (D:9)
  3 hobgoblin skeletons (D:9)
  2 hobgoblin zombies (D:9)
  39 kobolds
  2 kobold zombies
  An orc simulacrum (Orc:3)
  13 rats
  27 ballistomycetes
  5 fungi
  3 plants
1352 creatures vanquished.

Vanquished Creatures (collateral kills)
  A killer bee (D:10)
1 creature vanquished.

Vanquished Creatures (others)
  3 drowned souls (Shoals:1)
  6 ball lightnings
  An orc warrior (Orc:4)
  A green rat (Lair:3)
  2 giant spores
  12 fungi
  7 plants
32 creatures vanquished.

Grand Total: 1385 creatures vanquished

Notes
Turn   | Place    | Note
--------------------------------------------------------------
     0 | D:1      | Tazu, the Draconian Conjurer, began the quest for the Orb.
     0 | D:1      | Reached XP level 1. HP: 14/14 MP: 3/3
   324 | D:1      | Reached XP level 2. HP: 20/20 MP: 2/4
   499 | D:1      | Learned a level 2 spell: Searing Ray
   985 | D:2      | Reached XP level 3. HP: 26/26 MP: 0/6
  1914 | D:3      | Noticed a centaur
  2220 | D:3      | Found a shimmering altar of Xom.
  2621 | D:3      | Reached XP level 4. HP: 33/33 MP: 2/9
  2851 | D:3      | Reached skill level 5 in Conjurations
  3446 | D:4      | Learned a level 3 spell: Dazzling Spray
  3475 | D:5      | Entered Level 5 of the Dungeon
  3594 | D:4      | Noticed Ijyb
  3763 | D:5      | Noticed a troll
  3831 | D:4      | Reached XP level 5. HP: 27/38 MP: 6/11
  3933 | D:5      | Noticed an ogre
  3937 | D:5      | Killed an ogre
  3937 | D:5      | Reached skill level 1 in Fighting
  4028 | D:5      | Reached XP level 6. HP: 34/47 MP: 2/15
  4370 | D:5      | Noticed an ice beast
  4848 | D:5      | Killed an ice beast
  5397 | D:6      | HP: 2/48 [goliath beetle (17)]
  5526 | D:6      | Your scales start taking on a golden yellow colour.
  5526 | D:6      | Reached XP level 7. HP: 25/53 MP: 12/18
  5713 | D:6      | Noticed a hill giant
  5749 | D:7      | Reached skill level 5 in Spellcasting
  5975 | D:7      | Reached skill level 6 in Conjurations
  6244 | D:7      | Found a staircase to the Ecumenical Temple.
  6250 | Temple   | Entered the Ecumenical Temple
  6264 | Temple   | Became a worshipper of Vehumet
  6416 | D:8      | Reached XP level 8. HP: 33/63 MP: 11/20
  6785 | D:9      | Found Cluah's Assorted Antiques.
  7348 | D:8      | Paralysed by a giant eyeball for 2 turns
  7621 | D:9      | Reached skill level 7 in Conjurations
  7621 | D:9      | Reached XP level 9. HP: 62/70 MP: 2/23
  7637 | D:8      | Acquired Vehumet's first power
  7637 | D:8      | Offered knowledge of Freeze by Vehumet.
  7694 | D:8      | Reached skill level 5 in Stealth
  7955 | D:10     | Entered Level 10 of the Dungeon
  8014 | D:10     | Noticed Grum
  8247 | D:9      | Found a shadowy altar of Dithmenos.
  8254 | D:9      | Found an ancient bone altar of Kikubaaqudgha.
  8255 | D:9      | Found a shattered altar of Ashenzari.
  8358 | D:9      | Reached skill level 5 in Dodging
  8539 | D:9      | Offered knowledge of Sting by Vehumet.
  8542 | D:9      | Learned a level 1 spell: Sting
  8547 | D:9      | Learned a level 4 spell: Iskenderun's Mystic Blast
  8590 | D:9      | Found a staircase to the Orcish Mines.
  8626 | D:9      | Reached skill level 1 in Poison Magic
  8649 | D:9      | Noticed a kobold demonologist
  8657 | D:9      | Noticed an orange demon
  8667 | Orc:1    | Entered Level 1 of the Orcish Mines
  8690 | Orc:1    | Reached skill level 8 in Spellcasting
  9213 | D:4      | Killed Ijyb
  9222 | D:4      | Noticed Eustachio
  9225 | D:4      | Offered knowledge of Mephitic Cloud by Vehumet.
  9238 | D:4      | Killed Eustachio
  9291 | D:4      | Noticed a phantom
  9351 | D:4      | Killed a phantom
  9577 | D:4      | Noticed Crazy Yiuf
  9587 | D:4      | Killed Crazy Yiuf
  9600 | D:4      | Learned a level 3 spell: Mephitic Cloud
  9642 | D:5      | Reached XP level 10. HP: 72/77 MP: 23/27
  9676 | D:5      | Noticed an ogre
  9684 | D:5      | Killed an ogre
  9684 | D:5      | Acquired Vehumet's second power
  9898 | D:6      | Reached skill level 1 in Air Magic
 10067 | D:6      | Offered knowledge of Conjure Flame by Vehumet.
 10075 | D:6      | Learned a level 3 spell: Conjure Flame
 10354 | D:8      | Paralysed by a giant eyeball for 4 turns
 10367 | D:8      | Paralysed by a giant eyeball for 3 turns
 10390 | D:8      | Paralysed by a giant eyeball for 2 turns
 10393 | D:8      | Paralysed by a giant eyeball for 4 turns
 10708 | D:9      | Acquired Vehumet's third power
 10808 | D:9      | Noticed a soul eater
 10809 | D:9      | Killed a kobold demonologist
 11465 | D:10     | Found a staircase to the Lair.
 11465 | D:10     | Noticed a fire drake
 11476 | D:10     | Killed a fire drake
 11476 | D:10     | Offered knowledge of Olgreb's Toxic Radiance by Vehumet.
 11581 | D:10     | Killed Grum
 11728 | D:10     | Reached skill level 5 in Poison Magic
 11868 | D:10     | Found Schacs' Food Boutique.
 11871 | D:10     | Bought a pear for 9 gold pieces
 12183 | D:10     | Noticed Maurice
 12216 | D:10     | Noticed Erolcha
 12265 | Lair:1   | Entered Level 1 of the Lair of Beasts
 12301 | Lair:1   | Noticed Joseph
 12311 | Lair:1   | Reached skill level 9 in Spellcasting
 12412 | Lair:1   | Noticed Gastronok
 12897 | Lair:2   | Reached XP level 11. HP: 85/85 MP: 20/28
 12930 | Lair:2   | Reached skill level 5 in Fighting
 13777 | Lair:3   | Learned a level 4 spell: Olgreb's Toxic Radiance
 14662 | Lair:3   | Noticed an eight-headed hydra
 14663 | Lair:3   | Upgraded the game from 0.14.0-9-g9c5475a to 0.14.0-12-g87ee3b7
 14667 | Lair:2   | Offered knowledge of Venom Bolt by Vehumet.
 14704 | Lair:2   | Learned a level 5 spell: Venom Bolt
 15297 | Lair:2   | Reached skill level 1 in Evocations
 15615 | Lair:3   | Found a shimmering altar of Xom.
 15749 | Lair:4   | Noticed a four-headed hydra
 16453 | Lair:4   | Found a staircase to the Snake Pit.
 16859 | Lair:1   | Killed Joseph
 16990 | Lair:1   | Noticed Harold
 16997 | Lair:1   | Noticed Fannar
 17092 | Lair:4   | Reached XP level 12. HP: 96/96 MP: 11/30
 17349 | Lair:4   | Reached skill level 5 in Air Magic
 17832 | Lair:5   | Found a staircase to the Shoals.
 17864 | Lair:5   | Reached skill level 5 in Evocations
 18194 | Lair:5   | Reached skill level 10 in Spellcasting
 18296 | Lair:5   | Noticed a four-headed hydra
 18384 | Lair:5   | Killed a four-headed hydra
 18645 | Lair:5   | Noticed an eight-headed hydra
 18667 | Lair:5   | Killed an eight-headed hydra
 18692 | Lair:5   | Reached skill level 10 in Conjurations
 19145 | Lair:5   | Identified a scroll of acquirement
 19155 | Lair:5   | Learned a level 4 spell: Airstrike
 19203 | Lair:4   | Killed a four-headed hydra
 20113 | Lair:6   | Noticed a seven-headed hydra
 20879 | Lair:6   | Killed a seven-headed hydra
 21012 | Lair:5   | Reached XP level 13. HP: 60/102 MP: 18/31
 23529 | Lair:7   | Found a radiant altar of Vehumet.
 23668 | Lair:7   | Learned a level 6 spell: Conjure Ball Lightning
 23698 | Lair:7   | Found a staircase to the Slime Pits.
 24783 | Lair:8   | Entered Level 8 of the Lair of Beasts
 24800 | Lair:8   | Reached skill level 11 in Conjurations
 26158 | D:10     | Killed Erolcha
 26188 | D:10     | Offered knowledge of Poisonous Cloud by Vehumet.
 26198 | D:10     | Learned a level 6 spell: Poisonous Cloud
 26246 | D:10     | Killed Maurice
 26868 | Orc:2    | Noticed Sonja
 27322 | Orc:2    | Killed Sonja
 27494 | Orc:2    | Noticed Urug
 27861 | Orc:2    | Noticed Psyche
 27911 | Orc:4    | Entered Level 4 of the Orcish Mines
 28182 | Orc:3    | Noticed Josephine
 28640 | Orc:3    | Killed Josephine
 28967 | Orc:2    | Killed Urug
 29091 | Orc:2    | Killed Psyche
 29135 | Orc:1    | Offered knowledge of Bolt of Fire by Vehumet.
 30217 | Orc:4    | Found a burning altar of Makhleb.
 30451 | Orc:4    | Gained mutation: You have acidic saliva. [draconian growth]
 30451 | Orc:4    | Reached XP level 14. HP: 115/115 MP: 25/33
 30586 | Orc:4    | Found a staircase to the Elven Halls.
 30629 | Orc:4    | HP: 3/115 [orc knight/glaive (14)]
 31524 | Orc:4    | Offered knowledge of Lightning Bolt by Vehumet.
 31897 | Orc:4    | Reached skill level 1 in Staves
 32649 | Orc:4    | Paralysed by an orc sorcerer for 4 turns
 32654 | Orc:4    | Found Prucverhu's Distillery.
 32661 | Orc:4    | Found Zarawere's Antique Weapon Boutique.
 32662 | Orc:4    | Found Kloog's Antique Weapon Emporium.
 32662 | Orc:4    | Found Ohehuc's Magic Scroll Boutique.
 32668 | Orc:4    | Bought a potion of strong poison for 22 gold pieces
 32668 | Orc:4    | Bought a potion of degeneration for 22 gold pieces
 32668 | Orc:4    | Bought a potion of brilliance for 27 gold pieces
 32668 | Orc:4    | Bought a potion of curing for 22 gold pieces
 32668 | Orc:4    | Bought a potion of heal wounds for 33 gold pieces
 32668 | Orc:4    | Bought a potion of curing for 22 gold pieces
 32668 | Orc:4    | Bought a potion of heal wounds for 33 gold pieces
 32668 | Orc:4    | Bought a potion of heal wounds for 33 gold pieces
 32668 | Orc:4    | Bought a potion of curing for 22 gold pieces
 32678 | Orc:4    | Bought a scroll of teleportation for 45 gold pieces
 32678 | Orc:4    | Bought a scroll of blinking for 112 gold pieces
 32678 | Orc:4    | Bought a scroll of identify for 30 gold pieces
 32678 | Orc:4    | Bought a scroll of identify for 30 gold pieces
 32678 | Orc:4    | Bought a scroll of recharging for 142 gold pieces
 33040 | D:11     | Noticed a hill giant
 33045 | D:11     | Killed a hill giant
 33241 | D:11     | Learned a level 5 spell: Lightning Bolt
 33279 | D:11     | Noticed a cyclops
 33295 | D:11     | Killed a cyclops
 33818 | D:12     | Got a heavily runed golden amulet
 33826 | D:12     | Identified the amulet of Vozxiff {Clar Int+2} (You found it on level 12 of the Dungeon)
 33854 | D:12     | Offered knowledge of Poison Arrow by Vehumet.
 33863 | D:12     | Reached skill level 10 in Poison Magic
 35706 | Lair:1   | Killed Fannar
 35708 | Lair:1   | Noticed Nergalle
 35710 | Lair:1   | Killed Harold
 36197 | Shoals:1 | Entered Level 1 of the Shoals
 36262 | Snake:1  | Entered Level 1 of the Snake Pit
 37449 | Snake:1  | Reached skill level 12 in Conjurations
 39230 | D:11     | Noticed a tengu warrior
 39236 | D:11     | Killed a tengu warrior
 39477 | D:9      | Bought a blackened bronze ring for 130 gold pieces
 39477 | D:9      | Bought a runed quarterstaff for 104 gold pieces
 39477 | D:9      | Bought a potion of curing for 52 gold pieces
 39477 | D:9      | Bought a potion of brilliance for 65 gold pieces
 39477 | D:9      | Bought a scroll of recharging for 247 gold pieces
 40004 | D:12     | Reached XP level 15. HP: 103/121 MP: 10/34
 40443 | D:13     | Upgraded the game from 0.14.0-12-g87ee3b7 to 0.14.0-15-g6b16f67
 40515 | D:13     | Offered knowledge of Orb of Destruction by Vehumet.
 40726 | D:13     | Reached skill level 10 in Air Magic
 41351 | D:13     | Found a gate to the Vaults.
 42167 | D:14     | Noticed Louise
 42174 | D:14     | Killed Louise
 42264 | D:14     | Found Hytowona's General Store.
 42274 | D:14     | Bought an uncursed amulet of the gourmand for 300 gold pieces
 42912 | D:14     | Found Mighos' Magic Scroll Shop.
 42916 | D:14     | Bought a scroll of teleportation for 48 gold pieces
 42916 | D:14     | Bought a scroll of teleportation for 48 gold pieces
 42916 | D:14     | Bought a scroll of acquirement for 832 gold pieces
 43321 | D:14     | Found Litusoq's General Store.
 43339 | D:14     | Bought a potion of curing for 36 gold pieces
 43746 | Lair:1   | Killed Nergalle
 43754 | Lair:1   | Offered knowledge of Iron Shot by Vehumet.
 43996 | Lair:1   | Killed Gastronok
 45196 | Lair:8   | Reached skill level 1 in Shields
 45890 | Lair:8   | Offered knowledge of Fire Storm by Vehumet.
 45890 | Lair:8   | Offered knowledge of Glaciate by Vehumet.
 45890 | Lair:8   | Offered knowledge of Chain Lightning by Vehumet.
 46211 | Lair:8   | Reached skill level 13 in Conjurations
 47191 | Snake:2  | Reached XP level 16. HP: 124/128 MP: 7/36
 47683 | Snake:2  | Reached skill level 5 in Shields
 48159 | Snake:3  | Found Neaqoc's General Store.
 48708 | Snake:1  | Upgraded the game from 0.14.0-15-g6b16f67 to 0.14.0-17-gc0b17a5
 51338 | Snake:3  | Bought a scroll of teleportation for 51 gold pieces
 51338 | Snake:3  | Bought a scroll of magic mapping for 59 gold pieces
 53382 | Snake:5  | Entered Level 5 of the Snake Pit
 55788 | Shoals:1 | Drowned by a drowned soul

Action                   |  1- 3 |  4- 6 |  7- 9 | 10-12 | 13-15 | 16-18 || total
-------------------------+-------+-------+-------+-------+-------+-------++-------
Melee: Unarmed           |    67 |    16 |       |       |       |       ||    83
       Staff             |       |     7 |    79 |    57 |   351 |    42 ||   536
 Cast: Magic Dart        |    65 |    69 |   219 |   470 |   914 |   124 ||  1861
       Searing Ray       |    16 |    31 |    93 |   183 |   320 |   130 ||   773
       Mephitic Cloud    |       |       |       |    73 |   100 |       ||   173
       Iskenderun's Myst |       |       |       |    24 |       |       ||    24
       Conjure Flame     |       |       |       |     9 |    33 |     2 ||    44
       Sting             |       |       |       |   180 |   386 |     4 ||   570
       Venom Bolt        |       |       |       |    20 |   188 |    79 ||   287
       Olgreb's Toxic Ra |       |       |       |     5 |    24 |       ||    29
       Airstrike         |       |       |       |    15 |    27 |     5 ||    47
       Poisonous Cloud   |       |       |       |       |    47 |     1 ||    48
       Conjure Ball Ligh |       |       |       |       |     4 |       ||     4
       Lightning Bolt    |       |       |       |       |    72 |   122 ||   194
 Abil: Spit Acid         |       |       |       |       |     2 |     1 ||     3
Evoke: Wand              |       |       |       |    22 |    50 |    17 ||    89
  Use: Scroll            |       |     9 |     5 |    22 |    26 |     9 ||    71
       Potion            |       |       |     2 |     8 |    25 |    11 ||    46
 Stab: Confused          |       |       |       |       |     3 |       ||     3
